 Dungeon Crawl Stone Soup version 0.30.1-9-gdf580d7c3d (webtiles) character file.

Game seed: 8333330679817135048

1795 Ironcache the Covert (level 8, -3/44 HPs)
             Began as a Spriggan Hunter on Oct 4, 2023.
             Was an Initiate of Okawaru.
             Killed from afar by a steam dragon (15 damage)
             ... with a ball of steam
             ... on level 7 of the Dungeon.
             The game lasted 00:20:12 (7035 turns).

Ironcache the Covert (Spriggan Hunter)              Turns: 7035, Time: 00:20:13

Health: -3/44      AC:  2    Str:  7    XL:     8   Next: 83%
Magic:  9/9        EV: 18    Int: 10    God:    Okawaru [......]
Gold:   321        SH:  0    Dex: 21    Spells: 7/7 levels left

rFire   . . .        b - +3 rapier (vamp)
rCold   . . .        (no shield)
rNeg    . . .        c - +0 robe
rPois   .            (helmet restricted)
rElec   .            (no cloak)
rCorr   .            (gloves unavailable)
SInv    +            (boots unavailable)
Will    +....        (no amulet)
Stlth   +++++        (no ring)
HPRegen 0.27/turn    (no ring)
MPRegen 0.11/turn

%: no passive effects
@: very quick
A: very small, no large weapons, unfitting armour, see invisible, speed 3
a: Renounce Religion


You were on level 7 of the Dungeon.
You worshipped Okawaru.
Okawaru was noncommittal.
You visited 1 branch of the dungeon, and saw 7 of its levels.
You also visited: Ossuary.

You collected 321 gold pieces.

Inventory:

Hand Weapons
 a - a +0 shortbow
 b - a +3 vampiric rapier (weapon)
 l - a +0 short sword
 D - a +2 short sword of venom
Armour
 c - a +0 robe (worn)
 j - a +0 leather armour
 t - an orb of mayhem
Jewellery
 C - a ring of wizardry
Wands
 F - a wand of digging (3)
Scrolls
 e - 3 scrolls of immolation
 f - 5 scrolls of identify {unknown}
 g - a scroll of torment {unknown}
 h - 2 scrolls of vulnerability {unknown}
 k - 2 scrolls of fog {unknown}
 m - a scroll of summoning {unknown}
 p - 4 scrolls of teleportation {unknown}
 q - 3 scrolls of acquirement {unknown}
 r - 3 scrolls of noise {unknown}
 u - a scroll of blinking {unknown}
 w - 4 scrolls of enchant weapon {unknown}
 y - a scroll of poison {unknown}
 E - a scroll of magic mapping {unknown}
 H - a scroll of amnesia {unknown}
Potions
 d - a potion of haste {unknown}
 i - 3 potions of flight {unknown}
 n - 2 potions of ambrosia {unknown}
 o - 2 potions of invisibility {unknown}
 s - 4 potions of degeneration {unknown}
 v - 4 potions of curing {unknown}
 x - a potion of cancellation {unknown}
 z - 3 potions of heal wounds {unknown}
 A - a potion of magic {unknown}
 B - 2 potions of lignification {unknown}
 G - a potion of berserk rage {unknown}


   Skills:
 + Level 5.6 Fighting
 + Level 7.7 Ranged Weapons
 + Level 3.2 Dodging
 + Level 10.2 Stealth


You had 7 spell levels left.
You didn't know any spells.
Your spell library contained the following spells:

 Spells                   Type           Power      Damage    Failure   Level
 Apportation              Tloc           0%         N/A       36%         1
 Freeze                   Ice            0%         1d3       36%         1
 Necrotise                Necr           0%         1d4       36%         1
 Shock                    Conj/Air       0%         1d3       36%         1
 Portal Projectile        Hex/Tloc       0%         N/A       75%         3
 Swiftness                Air            0%         N/A       75%         3
 Airstrike                Air            0%         2d(0-16)  98%         4
 Blade Hands              Tmut           0%         N/A       100%        5
 Summon Small Mammal      Summ           Unusable   N/A       N/A         1
 Tukima's Dance           Hex            Unusable   N/A       N/A         3
 Simulacrum               Ice/Necr       Unusable   N/A       N/A         6

Dungeon Overview and Level Annotations

Branches:
Dungeon (7/15)             Temple (0/1) D:7         Ossuary (visited)

Altars:
Cheibriados
Elyvilon
Fedhas
Gozag
Hepliaklqana
Makhleb
Okawaru
Ru

Annotations:
D:6 exclusion: oklob plant


Innate Abilities, Weirdness & Mutations

You are very small and have problems with some larger weapons.
You are too small for most types of armour.
You have supernaturally acute eyesight. (SInv)
You cover ground extremely quickly. (Speed+++)


Message History

The steam dragon hisses angrily.
You see here a green potion.
You shoot an arrow.
The arrow closely misses the steam dragon.
You shoot an arrow.
The arrow hits the steam dragon but does no damage.
You shoot an arrow.
The arrow hits the steam dragon but does no damage.
You shoot an arrow. The arrow hits the steam dragon.
The steam dragon is lightly wounded.
The steam dragon breathes steam at you. The ball of steam hits you!
You shoot an arrow.
The arrow hits the steam dragon but does no damage.
The steam dragon is lightly wounded.
You are engulfed in a cloud of scalding steam.
You shoot an arrow. The arrow hits the steam dragon.
The steam dragon is lightly wounded.
You are engulfed in a cloud of scalding steam.
You feel a sense of dread.
b - a +3 vampiric rapier (weapon)
You are engulfed in a cloud of scalding steam.
The steam dragon completely misses you.
The steam dragon claws you but does no damage.
You hit the steam dragon.
You feel better.
The steam dragon is moderately wounded.
The steam dragon breathes steam at you. The ball of steam misses you.
You hear an angry hiss.
You puncture the steam dragon!
The steam dragon is heavily wounded.
You are engulfed in a cloud of scalding steam.
* * * LOW HITPOINT WARNING * * *
A water moccasin comes into view.
The steam dragon barely misses you.
The steam dragon claws you but does no damage.
The steam dragon barely misses you. x2
The steam dragon breathes steam at you. The ball of steam hits you!
You die...

....~~§§~§....#.#.# #.#
...~~§§§§§#...#.#.# #.#
†.#~§§>§§~#.###.#.# #.#
.>.~§§~~§§#.....#'###.#
....~~§~~...##.....##.#
.....~~§..#.##.....##.#
..##..#.....##.....##.#######
#.##.........'....§§DS.......
#.# ##.######..@§.##§§..!###
.. ########§....# .## +..S..+
#.....# #........ #......##
......... ##....##. ....#


There were no monsters in sight!

Vanquished Creatures
  Prince Ribbit (D:5)
  A wraith (Ossuary)
  Eustachio (D:4)
  Menkaure (D:6)
  A water moccasin (D:5)
  A black bear (D:5)
  2 ogres
  2 centaurs
  3 scorpions
  2 orc priests
  2 hounds
  Terence (D:3)
  2 orc wizards
  A sleepcap (D:5)
  An iguana (D:6)
  4 mummies
  11 adders
  A white imp (D:6)
  An ufetubus (D:6)
  3 dart slugs (D:1)
  21 orcs
  12 ball pythons
  2 endoplasms
  3 giant cockroaches
  6 goblins
  3 hobgoblins
  7 jackals
  4 quokkas
  4 bats (D:2)
  3 frilled lizards
  6 goblin zombies (Ossuary)
  3 hobgoblin zombies (Ossuary)
  4 kobolds
  A kobold zombie (Ossuary)
  2 rats
123 creatures vanquished.

Notes
Turn   | Place    | Note
-------+----------+-------------------------------------------
     0 | D:1      | Ironcache the Spriggan Hunter began the quest for the Orb.
     0 | D:1      | Reached XP level 1. HP: 10/10 MP: 2/2
   196 | D:1      | Reached skill level 2 in Stealth
   325 | D:1      | Reached XP level 2. HP: 10/15 MP: 3/3
  1018 | D:2      | Reached XP level 3. HP: 5/18 MP: 4/4
  1147 | D:2      | Reached skill level 3 in Stealth
  1212 | D:2      | Reached XP level 4. HP: 23/23 MP: 5/5
  1406 | D:2      | Found a sacrificial altar of Ru.
  1525 | D:3      | Noticed Terence
  1537 | D:3      | Killed Terence
  1538 | D:3      | Reached skill level 4 in Stealth
  1706 | D:3      | Found a hazy altar of Hepliaklqana.
  1787 | D:3      | Reached XP level 5. HP: 13/28 MP: 6/6
  1803 | D:3      | Reached skill level 5 in Ranged Weapons
  1804 | D:3      | HP: 1/28 [orc wizard/magic dart (9)]
  2235 | D:4      | Noticed Eustachio
  2256 | D:4      | Killed Eustachio
  2257 | D:4      | Reached skill level 5 in Stealth
  2257 | D:4      | Reached XP level 6. HP: 24/32 MP: 7/7
  2334 | D:4      | Found a sand-covered staircase.
  2349 | Ossuary  | Entered an ossuary
  2349 | Ossuary  | Noticed a wraith
  2349 | Ossuary  | Noticed a wraith
  2349 | Ossuary  | Noticed a wraith
  2728 | Ossuary  | Reached skill level 6 in Stealth
  2760 | Ossuary  | Noticed a wraith
  2768 | Ossuary  | Killed a wraith
  2769 | Ossuary  | Reached XP level 7. HP: 19/37 MP: 8/8
  3108 | D:4      | Got the Quarto of Freezing
  3116 | D:4      | Found a snail-covered altar of Cheibriados.
  3122 | D:4      | Reached skill level 7 in Stealth
  3419 | D:5      | Entered Level 5 of the Dungeon
  3432 | D:5      | Found a sacrificial altar of Ru.
  3637 | D:5      | Reached skill level 8 in Stealth
  3722 | D:5      | Noticed Prince Ribbit
  4095 | D:5      | Reached XP level 8. HP: 42/42 MP: 9/9
  4471 | D:5      | Found an opulent altar of Gozag.
  4482 | D:5      | Found a white marble altar of Elyvilon.
  4484 | D:5      | Found an iron altar of Okawaru.
  4487 | D:5      | Became a worshipper of Warmaster Okawaru
  4849 | D:5      | Found a sacrificial altar of Ru.
  5225 | D:5      | Found an opulent altar of Gozag.
  5236 | D:5      | Found a white marble altar of Elyvilon.
  5238 | D:5      | Found an iron altar of Okawaru.
  5346 | D:5      | Killed Prince Ribbit
  5347 | D:5      | Reached skill level 5 in Fighting
  5347 | D:5      | Reached skill level 9 in Stealth
  5957 | D:6      | Noticed Menkaure
  5964 | D:6      | Killed Menkaure
  6018 | D:6      | Found a burning altar of Makhleb.
  6164 | D:6      | Reached skill level 10 in Stealth
  6684 | D:6      | Found a blossoming altar of Fedhas.
  6698 | D:6      | Noticed an oklob plant
  6958 | D:7      | Found a staircase to the Ecumenical Temple.
  7035 | D:7      | Killed from afar by a steam dragon

Illustrated notes

Levels and vault maps discovered:
D:1:      wander_arrival_desolate, layout_basic, minmay_pentomino_q2
D:2:      layout_rooms, basic_altar
D:3:      layout_rooms, nicolae_overflow_hidden_temple, uniq_terence
D:4:      layout_loops_cross, slow_altar_1, enter_ossuary_1, uniq_eustachio
D:5:      layout_loops_corners, nicolae_ru_sacrificial_ziggurat, minitemple,
          uniq_prince_ribbit1
D:6:      layout_loops_cross, mainiacjoe_overflow_24_doors, tgw_fedhas,
          kennysheep_decorative_pillar, uniq_menkaure
D:7:      layout_basic, evilmike_ruin_ashenzari, nicolae_overflow_two_pavilions,
          minmay_temple_entry_mist, small_statue_intersection

Skill      XL: |  1  2  3  4  5  6  7  8 |
---------------+-------------------------+-----
Stealth        | 2 3 4 5 6 8 10 | 10.2
Dodging        | 3 |  3.2
Fighting       | 2 3 4 5 |  5.6
Ranged Weapons | 5 6 7 |  7.7

Action                     |  1- 3 |  4- 6 |  7- 9 || total
---------------------------+-------+-------+-------++-------
  Melee: Short sword       |    49 |    94 |    21 ||   164
         Punch             |     1 |     2 |       ||     3
         Rapier            |       |       |    47 ||    47
   Fire: Shortbow          |    45 |    83 |   174 ||   302
   Stab: Sleeping          |       |     1 |     2 ||     3
 Armour: Robe              |     3 |     7 |    12 ||    22
  Dodge: Dodged            |    48 |    80 |    81 ||   209
